 Dungeon Crawl Stone Soup version 0.23.2-40-g277498a001 (webtiles) character file.

Game seed: 8261633835519675225

35 DildoBatman the Magician (level 3, 0/24 HPs)
             Began as a Formicid Wizard on Aug 15, 2019.
             Slain by a hobgoblin
             ... wielding a +0 club
              (6 damage)
             ... on level 2 of the Dungeon.
             The game lasted 00:03:23 (1037 turns).

DildoBatman the Magician (Formicid Wizard)          Turns: 1037, Time: 00:03:23

Health: 0/24       AC:  2    Str: 11    XL:     3   Next: 55%
Magic:  3/7        EV:  9    Int: 18    God:
Gold:   59         SH:  0    Dex:  9    Spells: 1/8 levels left

rFire    . . .     SeeInvis +   a - +0 hunting sling
rCold    . . .     Gourm    .   (no shield)
rNeg     . . .     Faith    .   j - +0 robe
rPois    .         Spirit   .   (helmet unavailable)
rElec    .         Reflect  .   (no cloak)
rCorr    .         Harm     .   (no gloves)
MR       .....                  (no boots)
Stlth    ++........             (no amulet)
HPRegen  0.08/turn              c - -3 ring of evasion (curse)
MPRegen  0.10/turn              (no ring)

@: very slightly contaminated
A: permanent stasis, dig shafts and tunnels, four strong arms, antennae 3
a: Dig, Shaft Self


You were on level 2 of the Dungeon.
You were hungry.

You visited 1 branch of the dungeon, and saw 2 of its levels.

You collected 59 gold pieces.

Inventory:

Hand Weapons
 a - a +0 hunting sling (weapon)
 b - a +0 mace
Missiles
 d - 79 stones (quivered)
 f - a throwing net
 m - 3 silver javelins
Armour
 j - a +0 robe (worn)
Jewellery
 c - a cursed -3 ring of evasion (left hand)
Scrolls
 i - 2 scrolls of remove curse {unknown}
 l - 2 scrolls of identify {unknown}
Potions
 e - a potion of heal wounds {unknown}
 h - a potion of might {unknown}
 k - 2 potions of brilliance {unknown}
Comestibles
 v - 7 rations


   Skills:
 - Level 1.1 Slings
 - Level 1.7 Dodging
 - Level 2.4 Stealth
 - Level 3.2 Spellcasting
 * Level 2.6 Conjurations
   Level 1.0 Summonings
   Level 0.8 Translocations


You had one spell level left.
You knew the following spells:

 Your Spells              Type           Power        Failure   Level  Hunger
a - Conjure Flame         Conj/Fire      #.......     28%         3    ###....
c - Magic Dart            Conj           ##..         5%          1    None
e - Mephitic Cloud        Conj/Pois/Air  #.......     32%         3    ###....

Your spell library contained the following spells:

 Spells                   Type           Power        Failure   Level  Hunger
 Call Imp                 Summ           #.......     16%         2    ##.....
 Slow                     Hex            #.......     24%         2    ##.....
 Blink                    Tloc           Unusable     N/A         2    N/A

Dungeon Overview and Level Annotations

Branches:
Dungeon (2/15)

Altars:


Innate Abilities, Weirdness & Mutations

You cannot be hasted, slowed, berserked, paralysed or teleported.
You can dig through walls and to a lower floor.
Your four strong arms can wield two-handed weapons with a shield.
You have a pair of large antennae on your head. (SInv)


Message History

Casting: Magic Dart (safe; 5% risk of failure)
Confirm with . or Enter, or press ? or * to list all spells.
Aiming: Magic Dart (safe; 5% risk of failure)
Press: ? - help, Shift-Dir - straight line, f/p - kobold
Aim: a kobold, wielding a +0 dagger The magic dart hits the kobold.
You kill the kobold!
Things that are here:
a +0 dagger a kobold corpse You are feeling hungry.
Casting: Magic Dart (safe; 5% risk of failure)
Confirm with . or Enter, or press ? or * to list all spells.
Aiming: Magic Dart (safe; 5% risk of failure)
Press: ? - help, Shift-Dir - straight line, f - hobgoblin
Aim: a hobgoblin, wielding a +0 club The magic dart hits the hobgoblin.
The hobgoblin is severely wounded.
The hobgoblin hits you with a +0 club.
You die...

#)####....#####...
#.# ####.#####.##
#.# #.......## #.#
########.#. #.#
#.....#.... #.#
#.....#..#. #.#
#.....#.รท.. #g#
#.....#.##. #@#
#.....#.### #.#
###.###.### #.###
#.# #.... #...#
#.# #####
###.######.###
#g##..>....#####
##.##..##........
#..g#..###..#####
#.#.......[.#


You could see a hobgoblin.

Vanquished Creatures
  An ooze (D:1)
  2 worms (D:2)
  A dart slug (D:1)
  2 goblins (D:1)
  3 hobgoblins
  2 jackals (D:2)
  2 kobolds
  6 bats
  4 rats
23 creatures vanquished.

Notes
Turn   | Place    | Note
-------+----------+-------------------------------------------
     0 | D:1      | DildoBatman the Formicid Wizard began the quest for the
                  | Orb.
     0 | D:1      | Reached XP level 1. HP: 13/13 MP: 4/4
    77 | D:1      | Reached skill level 1 in Conjurations
   197 | D:1      | Reached XP level 2. HP: 19/19 MP: 4/6
   541 | D:1      | Reached skill level 1 in Slings
   541 | D:1      | Reached XP level 3. HP: 16/24 MP: 0/7
   546 | D:1      | Learned a level 3 spell: Conjure Flame
   550 | D:1      | Learned a level 3 spell: Mephitic Cloud
  1037 | D:2      | Slain by a hobgoblin

Skill      XL: |  1  2 |
---------------+-------+-----
Conjurations   | 1 2 |  2.6
Slings         | 1 |  1.1
Dodging        | |  1.7
Stealth        | |  2.4
Spellcasting   | |  3.2
Summonings     | |  1.0
Translocations | |  0.8

Action                   || total
-------------------------++-------
 Fire: Hunting sling     ||    34
 Cast: Magic Dart        ||    46
 Abil: Dig               ||     3
Armor: Robe              ||     8
Dodge: Dodged            ||    21
